 Dungeon Crawl Stone Soup version 0.28-a0-410-gbef64dd269 (webtiles) character file.

Game seed: 15737796213704851606

25 ytrimaz the Skirmisher (level 2, 27/27 HPs)
             Began as a Minotaur Abyssal Knight on Sept 6, 2021.
             Was a Follower of Lugonu.
             Quit the game on level 1 of the Dungeon.
             The game lasted 00:01:27 (1418 turns).

ytrimaz the Skirmisher (Minotaur Abyssal Knight)    Turns: 1418, Time: 00:01:28

Health: 27/27      AC:  3    Str: 16    XL:     2   Next: 82%
Magic:  2/2        EV: 11    Int:  9    God:    Lugonu [*.....]
Gold:   108        SH:  0    Dex:  9    Spells: 1/1 levels left

rFire   . . .      SeeInvis .   a - +1 hand axe
rCold   . . .      Faith    .   (no shield)
rNeg    . . .      Spirit   .   b - +0 leather armour
rPois   .          Reflect  .   (helmet restricted)
rElec   .          Harm     .   (no cloak)
rCorr   .          Rampage  .   (no gloves)
Will    .....                   (no boots)
Stlth   +.........              (no amulet)
HPRegen 0.09/turn               (no ring)
MPRegen 0.08/turn               (no ring)

@: no status effects
A: horns 2, retaliatory headbutt
a: Renounce Religion, Depart the Abyss


You were on level 1 of the Dungeon.
You worshipped Lugonu.
Lugonu was aware of your devotion.
You visited 1 branch of the dungeon, and saw 1 of its levels.
You visited the Abyss 1 time.

You collected 108 gold pieces.

Inventory:

Hand Weapons
 a - a +1 hand axe (weapon)
Armour
 b - a +0 leather armour (worn)
Scrolls
 e - a scroll of vulnerability {unknown}
 f - a scroll of torment {unknown}
Potions
 c - a potion of mutation {unknown}
 d - a potion of heal wounds {unknown}
 g - a potion of curing {unknown}


   Skills:
 * Level 4.2 Fighting
 * Level 3.0 Axes
 * Level 2.9 Armour
 - Level 1.1 Dodging
 + Level 1.8 Invocations


You had one spell level left.
You didn't know any spells.
Your spell library was empty.

Dungeon Overview and Level Annotations

Branches:
Dungeon (1/15)

Altars:


Innate Abilities, Weirdness & Mutations

You have a pair of horns on your head.
You reflexively headbutt those who attack you in melee.


Message History

Your Axes skill increases to level 3!
You open the door. As you open the door, it creaks loudly!
There is an open door here.
You open the door.
There is an open door here.
As you open the door, it creaks loudly!
There is an open door here.
You see here a frilled lizard skeleton.
You see here a +0 dagger.
You open the door.
There is an open door here.
There is an open door here.
You open the door.
There is an open door here.
Key pressed, stopping explore.
A kobold comes into view. It is wielding a +0 dagger.
The kobold shouts!
A kobold is nearby!
A kobold is nearby!
The kobold hits you with a +0 dagger.
A kobold is nearby!
You barely miss the kobold. The kobold barely misses you.
You slash the kobold!
You kill the kobold!
Lugonu accepts your kill.
You can now depart the Abyss.
Things that are here:
a +0 dagger; 4 stones You open the door.
There is an open door here.
There is an open door here.
You open the door.
Done exploring.
Done exploring.
Done exploring.
Done exploring.
Done exploring.
Done exploring.
Okay, then.
Are you sure you want to abandon this character and quit the game? (Confirm with "yes".)

..#.#...## #.#
#.#.(....#.##.#
#.....### #.#
#.#.#.......#.#
###.### #.#
#.#.#.#######.#
###.# #.#
#.#.......)...#
....# #.#
#.#...#########
##### #.# #.#.#.#
#.# #.#.### #.#
#.#.# #.# #@#.#
#.###.#.# #.....#.#
#######.# #.# #.#
##################.#
...................#
####################


There were no monsters in sight!

Vanquished Creatures
  A dart slug (D:1)
  2 ball pythons (D:1)
  3 endoplasms (D:1)
  A giant cockroach (D:1)
  A hobgoblin (D:1)
  3 jackals (D:1)
  A bat (D:1)
  3 frilled lizards (D:1)
  2 goblins (D:1)
  A kobold (D:1)
  4 rats (D:1)
22 creatures vanquished.

Notes
Turn   | Place    | Note
-------+----------+-------------------------------------------
     0 | Abyss:1  | ytrimaz the Minotaur Abyssal Knight began the quest for the
                  | Orb.
     0 | Abyss:1  | Reached XP level 1. HP: 19/19 MP: 1/1
    87 | Abyss:1  | Noticed a small abomination
    97 | D:1      | Escaped the Abyss
   353 | D:1      | Reached skill level 4 in Fighting
   408 | D:1      | Reached XP level 2. HP: 18/27 MP: 2/2
  1022 | D:1      | Found a faded altar of an unknown god.
  1238 | D:1      | Reached * piety under Lugonu
  1418 | D:1      | Quit the game

Illustrated notes

Levels and vault maps discovered:
D:1:      dpeg_arrival_central, layout_basic, hellmonk_ecumenical_altar_lost_god

Skill      XL: |  1  2 |
---------------+-------+-----
Fighting       | 4 |  4.2
Axes           | 3 |  3.0
Armour         | |  2.9
Dodging        | |  1.1
Invocations    | |  1.8

Action                   || total
-------------------------++-------
Melee: Hand axe          ||    46
       Headbutt          ||     3
Invok: Depart the Abyss  ||     1
Armor: Leather armour    ||    14
Dodge: Dodged            ||    33

Table legend: (Time is in decaauts)
 A = Elapsed time spent in this place.
 B = Non-inter-level travel time spent in this place.
 C = Inter-level travel time spent in this place.
 D = Time resting spent in this place.
 E = Time spent auto-exploring this place.
 F = Levels seen in this place.
 G = Mean time per level.
                   A        B        C        D        E       F      G
               +--------+--------+--------+--------+--------+-----+--------+
         Total |   1425 |   1425 |      0 |      0 |   1242 |   2 |  712.5 |
       Dungeon |   1328 |   1328 |      0 |      0 |   1173 |   1 | 1328.0 |
         Abyss |     97 |     97 |      0 |      0 |     69 |   1 |   97.0 |
               +--------+--------+--------+--------+--------+-----+--------+

Top non-repeatable levels by time:
     D:1: 1328 daAuts
 Abyss:1: 97 daAuts
